 Dungeon Crawl Stone Soup version 0.27-a0-1065-ge809cff456 (webtiles) character file.

Game seed: 18372676459523581811

1747 rjrrt the Cleaver (level 8, 0/87 HPs)
             Began as a Demonspawn Berserker on Apr 22, 2021.
             Was a Priest of Trog.
             Succumbed to a killer bee's poison
             ... on level 6 of the Dungeon.
             The game lasted 00:08:32 (5963 turns).

rjrrt the Cleaver (Demonspawn Berserker)            Turns: 5963, Time: 00:08:33

Health: 0/87       AC:  8    Str: 20    XL:     8   Next: 78%
Magic:  8/8        EV: 12    Int:  9    God:    Trog [***...]
Gold:   268        SH:  0    Dex: 12    Spells: 7/7 levels left

rFire    . . .     SeeInvis .   a - +0 war axe
rCold    + + .     Faith    +   (no shield)
rNeg     . . .     Spirit   .   j - +2 ring mail {rC+}
rPois    .         Reflect  .   (helmet restricted)
rElec    .         Harm     .   l - +0 cloak
rCorr    .         Rampage  .   (no gloves)
Will     .....                  (no boots)
Stlth    ..........             q - amulet of faith
HPRegen  0.24/turn              n - ring of protection from cold
MPRegen  0.11/turn              (no ring)

@: berserking (expiring), lethally poisoned (0 -> -2), very quick
A: horns 2, demonic guardian 1, sturdy frame 2
a: Renounce Religion, Berserk, Trog's Hand


You were on level 6 of the Dungeon.
You worshipped Trog.
Trog was most pleased with you.
You visited 1 branch of the dungeon, and saw 6 of its levels.

You collected 268 gold pieces.

Inventory:

Hand Weapons
 a - a +0 war axe (weapon)
 h - a +0 spear
Missiles
 c - 15 poisoned darts (quivered)
 o - 7 boomerangs
Armour
 j - a +2 ring mail of cold resistance (worn)
 l - a +0 cloak (worn)
Jewellery
 e - a ring of ice
 f - a ring of fire
 n - a ring of protection from cold (left hand)
 q - an amulet of faith (around neck)
Scrolls
 d - a scroll of identify
 m - 2 scrolls of magic mapping
Potions
 b - a potion of curing
 g - 2 potions of might
 i - 3 potions of heal wounds
 k - a potion of haste
 p - a potion of flight


   Skills:
 + Level 3.3 Fighting
 * Level 10.4 Axes
 + Level 2.2 Armour
 + Level 2.2 Dodging


You had 7 spell levels left.
You didn't know any spells.
Your spell library was empty.

Dungeon Overview and Level Annotations

Branches:
Dungeon (6/15)             Temple (0/1) D:4

Altars:
Makhleb
Sif Muna
Yredelemnul

Shops:
D:3 (


Innate Abilities, Weirdness & Mutations

You have a pair of horns on your head.
A weak demonic guardian rushes to your aid.
Your movements are less encumbered by armour. (ER -4)


Message History

Your ufetubus hits Edmund but does no damage.
Edmund hits you with a +2 flail of protection.
* * * LOW HITPOINT WARNING * * *
You hit the hornet zombie.
The hornet zombie is severely damaged.
You miss the killer bee. You slash Edmund! The killer bee misses you.
The hornet zombie closely misses you.
Your ufetubus hits Edmund but does no damage. x2
The killer bee closely misses you.
Unknown command.
You barely miss the hornet zombie.
The hornet zombie is severely damaged.
You closely miss Edmund. You slash the killer bee!
You kill the killer bee!
Trog accepts your kill.
You feel sick.
Your ufetubus barely misses Edmund.
Your ufetubus hits Edmund but does no damage.
The hornet zombie closely misses you. Edmund barely misses you.
You hit the hornet zombie.
The hornet zombie is severely damaged.
You hit Edmund but do no damage.
A centaur skeleton comes into view.
Your ufetubus hits Edmund but does no damage.
Your ufetubus completely misses Edmund.
The hornet zombie completely misses you.
Edmund closely misses you.
You hit the hornet zombie.
The hornet zombie is severely damaged.
You closely miss Edmund.
You feel sick.
Your ufetubus hits Edmund.
Your ufetubus hits Edmund but does no damage.
The hornet zombie hits you.
* * * LOW HITPOINT WARNING * * *
Unknown command.
You slice the hornet zombie!!
You destroy the hornet zombie!
Trog accepts your kill.
You slash Edmund!
You kill Edmund!
Trog accepts your kill.
You die...

.# . ..#. ..
#.... #..
#...#
....#####....#
.............#
#..#.......##
......)@†...#
......5††....#
..##.....[...#
#......#..#
#....### ...
.....# Z.
....... .
...##...


You could see a centaur skeleton and a friendly ufetubus (summoned).

Vanquished Creatures
  Grinder (D:3)
  Sigmund (D:5)
  Edmund (D:6)
  A hornet zombie (D:6)
  3 ogres
  2 necrophages (D:5)
  A water moccasin zombie (D:5)
  A wyvern zombie (D:5)
  A water moccasin skeleton (D:5)
  4 killer bees (D:6)
  A wight (D:5)
  3 bullfrog zombies
  A human zombie (D:5)
  Crazy Yiuf (D:3)
  Terence (D:3)
  3 iguanas (D:4)
  2 scorpion zombies (D:5)
  2 hound zombies (D:5)
  A hound skeleton (D:4)
  3 mummies (D:5)
  4 adders
  3 adder skeletons (D:4)
  A worm (D:2)
  2 dart slugs (D:3)
  5 orcs
  6 ball pythons
  2 bats
  6 endoplasms
  4 giant cockroaches
  7 goblins
  7 hobgoblins
  8 jackals
  3 quokkas
  4 frilled lizards
  3 kobolds
  5 rats
104 creatures vanquished.

Vanquished Creatures (collateral kills)
  A necrophage (D:5)
  A jelly (D:5)
  A jackal (D:3)
3 creatures vanquished.

Grand Total: 107 creatures vanquished

Notes
Turn   | Place    | Note
-------+----------+-------------------------------------------
     0 | D:1      | rjrrt the Demonspawn Berserker began the quest for the Orb.
     0 | D:1      | Reached XP level 1. HP: 18/18 MP: 1/1
   222 | D:1      | Reached skill level 3 in Axes
   395 | D:1      | Gained mutation: You have a pair of small horns on your
                  | head. [demonic ancestry]
   395 | D:1      | Reached XP level 2. HP: 24/24 MP: 2/2
   953 | D:1      | Gained mutation: Your movements are slightly less
                  | encumbered by armour. (ER -2) [demonic ancestry]
   953 | D:1      | Reached XP level 3. HP: 25/29 MP: 3/3
  1164 | D:2      | Reached skill level 4 in Axes
  1721 | D:2      | Reached ** piety under Trog
  1755 | D:2      | Reached XP level 4. HP: 28/35 MP: 4/4
  1872 | D:3      | Noticed Grinder
  1913 | D:3      | Paralysed by Grinder for 5 turns
  1920 | D:3      | Killed Grinder
  1921 | D:3      | Reached skill level 6 in Axes
  1921 | D:3      | Gained mutation: A weak demonic guardian rushes to your
                  | aid. [demonic ancestry]
  1921 | D:3      | Reached XP level 5. HP: 41/41 MP: 5/5
  2033 | D:3      | Gained mutation: You have a pair of horns on your head.
                  | [demonic ancestry]
  2033 | D:3      | Reached XP level 6. HP: 45/47 MP: 6/6
  2042 | D:3      | Found Afano's Weapon Shoppe.
  2110 | D:3      | Noticed Terence
  2116 | D:3      | Killed Terence
  2446 | D:3      | Found a runed translucent door.
  2447 | D:3      | Noticed Crazy Yiuf
  2453 | D:3      | Killed Crazy Yiuf
  2715 | D:3      | Found a burning altar of Makhleb.
  3336 | D:4      | Reached skill level 7 in Axes
  3672 | D:4      | Reached XP level 7. HP: 52/52 MP: 7/7
  3767 | D:4      | Found a staircase to the Ecumenical Temple.
  3967 | D:5      | Entered Level 5 of the Dungeon
  4193 | D:5      | Reached skill level 8 in Axes
  4431 | D:5      | Noticed Sigmund
  4447 | D:5      | Killed Sigmund
  4841 | D:5      | Found a shimmering blue altar of Sif Muna.
  5048 | D:5      | Reached skill level 9 in Axes
  5048 | D:5      | Gained mutation: Your movements are less encumbered by
                  | armour. (ER -4) [demonic ancestry]
  5048 | D:5      | Reached XP level 8. HP: 50/58 MP: 8/8
  5142 | D:5      | Found a basalt altar of Yredelemnul.
  5616 | D:5      | Reached skill level 10 in Axes
  5944 | D:6      | Noticed Edmund
  5950 | D:6      | Reached *** piety under Trog
  5962 | D:6      | HP: 1/87 [hornet zombie (6)]
  5963 | D:6      | Killed Edmund
  5963 | D:6      | Succumbed to a killer bee's poison

Illustrated notes

Levels and vault maps discovered:
D:1:      psy_arrival_radial02, layout_loops_ring
D:2:      layout_basic, minmay_split_cup_small
D:3:      layout_rooms, lemuel_coloured_pillars_altar, serial_shops,
          nicolae_shop_stone, uniq_terence, uniq_crazy_yiuf_cottage,
          uniq_grinder
D:4:      layout_basic, minmay_temple_entry_enclosed_plants,
          serial_park_tiny_pond, minmay_cut_off
D:5:      layout_basic, lemuel_blue_sif_altar,
          lemuel_mausoleum_altar_yredelemnul, nicolae_overflow_hidden_temple,
          uniq_sigmund
D:6:      layout_cave_pools, overflow_temple_1_default, serial_gnoll_camp,
          gnoll_camp_mini_basic, gnoll_camp_mini_loothouse,
          gnoll_camp_mini_basic, gnoll_camp_mini_doghouse,
          gnoll_camp_mini_basic, uniq_edmund

Skill      XL: |  1  2  3  4  5  6  7  8 |
---------------+-------------------------+-----
Axes           | 3 4 6 7 9 10 | 10.4
Armour         | 2 |  2.2
Dodging        | 2 |  2.2
Fighting       | |  3.3

Action                   |  1- 3 |  4- 6 |  7- 9 || total
-------------------------+-------+-------+-------++-------
Melee: Hand axe          |    86 |       |       ||    86
       Headbutt          |    15 |    12 |    38 ||    65
       War axe           |    21 |    66 |   149 ||   236
Throw: Dart              |       |       |     5 ||     5
Invok: Berserk           |     3 |     6 |     4 ||    13
  Use: Scroll            |       |     8 |     2 ||    10
 Stab: Distracted        |       |       |     1 ||     1
Armor: Animal skin       |    15 |       |       ||    15
       Scale mail        |    11 |    18 |       ||    29
       Ring mail         |       |    14 |    39 ||    53
       Chain mail        |       |     1 |       ||     1
Dodge: Dodged            |    61 |    27 |    77 ||   165

Table legend: (Time is in decaauts)
 A = Elapsed time spent in this place.
 B = Non-inter-level travel time spent in this place.
 C = Inter-level travel time spent in this place.
 D = Time resting spent in this place.
 E = Time spent auto-exploring this place.
 F = Levels seen in this place.
 G = Mean time per level.
                   A        B        C        D        E       F      G
               +--------+--------+--------+--------+--------+-----+--------+
         Total |   6116 |   5965 |    151 |    392 |   4598 |   6 | 1019.3 |
       Dungeon |   6116 |   5965 |    151 |    392 |   4598 |   6 | 1019.3 |
               +--------+--------+--------+--------+--------+-----+--------+

Top non-repeatable levels by time:
     D:5: 2013 daAuts
     D:4: 1242 daAuts
     D:1: 1055 daAuts
     D:2: 911 daAuts
     D:3: 881 daAuts
     D:6: 13 daAuts
